Map: Blueshift LE

Players

eonblu

  • Race: Zerg Zerg
  • Spawn Location: 1:00

Rhizer - Winner!

  • Race: Protoss Protoss
  • Spawn Location: 7:00

Event: WCS Montreal 2018

VOD

Have the link to the VOD?

Description

Time

  • Played on: Sept. 7, 2018, 1:57 p.m.
  • Length: 5:47

All games in this series

Show
View Real Time Build Order
Export as new Build Order

eonblu Zerg 

Build Orders: Pool First 

Get SALT Encoding   

  12  0:18  Spawning Pool  
  11  0:22  Drone  
  11  0:26  Drone  
  13  0:30  Drone  
  14  0:43  Overlord  
  14  1:05  Zergling x6  
  17  1:15  Hatchery  
  16  1:19  Zergling x2  
  17  1:27  Zergling x2  
  18  1:35  Queen  
  20  1:44  Drone  
  21  1:49  Drone  
  19  2:24  Drone x3  
  22  2:30  Drone, Queen x2  
  22  2:35  Drone  
  27  2:45  Overlord  
  27  2:50  Hatchery  
  25  2:56  Drone  
  25  2:57  Drone  
  27  3:01  Extractor x2  
  27  3:05  Zergling x4  
  27  3:10  Zergling x4  
  29  3:15  Zergling x2  
  29  3:18  Overlord  
  31  3:21  Drone  
  31  3:25  Drone  
  33  3:28  Drone  
  33  3:30  Drone  
  35  3:34  Drone  
  35  3:39  Drone x2  
  39  3:41  Drone  
  39  3:44  Drone  
  40  3:55  Overlord  
  40  3:58  Drone  
  40  4:00  Drone x3  
  40  4:02  Drone  
  45  4:04  Drone  
  45  4:05  Drone  
  45  4:09  Overlord  
  46  4:13  Metabolic Boost  
  46  4:25  Overlord  
  46  4:26  Drone x3  
  49  4:33  Overlord  
  49  4:34  Drone x2  
  49  4:35  Drone x3  
  49  4:38  Drone x2  
  56  4:40  Drone  
  56  4:43  Drone  
  58  4:53  Extractor, Drone x2  
  58  4:54  Evolution Chamber  
  58  4:55  Extractor  
  58  4:56  Spore Crawler  
  58  4:58  Spore Crawler  
  55  5:00  Spore Crawler  
  54  5:11  Drone x8  
  62  5:15  Extractor  
  62  5:17  Extractor  
  62  5:21  Zergling x6  
Show
View Real Time Build Order
Export as new Build Order

Rhizer Protoss - Winner!

Build Orders: Dark Templar Rush 

Get SALT Encoding   

  12  0:00  Probe  
  13  0:13  Probe  
  14  0:20  Pylon  
  14  0:25  Probe  
  15  0:34  Probe  
  15  0:39  Gateway  
  15  0:42  Probe  
  16  0:47  Assimilator  
  17  0:52  Probe  
  18  1:04  Probe  
  19  1:16  Probe  
  20  1:20  Zealot  
  20  1:25  Gateway  
  20  1:28  Probe, Cybernetics Core  
  23  1:34  Pylon  
  23  1:45  Pylon  
  22  1:47  Zealot  
  22  1:50  Probe  
  25  2:09  Adept  
  25  2:10  Warp Gate  
  25  2:11  Probe  
  25  2:12  Adept  
  28  2:28  Probe  
  26  2:39  Nexus  
  26  2:44  Assimilator  
  26  2:48  Probe  
  27  2:56  Stalker  
  29  3:02  Probe  
  30  3:10  Twilight Council  
  30  3:14  Probe  
  31  3:26  Probe  
  32  3:31  Robotics Facility  
  32  3:38  Probe  
  33  3:49  Probe  
  33  3:52  Probe  
  35  3:56  Dark Shrine  
  35  3:57  Probe  
  35  4:00  Probe  
  36  4:05  Probe  
  36  4:08  Probe  
  38  4:15  Warp Prism  
  38  4:16  Gateway  
  39  4:17  Gateway, Probe  
  40  4:27  Probe  
  40  4:29  Probe  
  44  4:39  Probe  
  44  4:41  Probe  
  44  4:42  Assimilator  
  44  4:45  Pylon  
  46  4:48  Assimilator  
  46  4:51  Probe  
  47  4:53  Probe  
  47  4:59  Pylon  
  48  5:03  Probe  
  48  5:05  Probe  
  50  5:15  Dark Templar x3, Probe  
  50  5:17  Dark Templar, Probe  
  50  5:21  Pylon  
  60  5:27  Probe  
Tags
 
Add a new tag
Caveats
  • Supply blocks, unpowered buildings, or Contaminate may cause inaccurate times.
  • Supply counts are checked every 10 seconds.